Map: Orbital Shipyard

Players

capac

  • Race: Terran Terran
  • League: Gold

Indemix - Winner!

  • Race: Terran Terran
  • League: Platinum

VOD

Have the link to the VOD?

Description

Time

  • Played on: March 7, 2016, 3:05 p.m.
  • Length: 15:47
Show
View Real Time Build Order
Export as new Build Order

capac Terran 

Build Orders:  

Get SALT Encoding   

  12  0:00  SCV  
  13  0:13  SCV  
  14  0:18  Supply Depot  
  14  0:25  SCV  
  15  0:39  SCV  
  15  0:40  Barracks  
  16  0:47  Refinery  
  16  0:51  SCV  
  17  1:03  SCV  
  18  1:15  SCV  
  19  1:28  SCV  
  19  1:32  Barracks Reactor  
  20  1:38  Command Center  
  20  1:42  SCV  
  20  1:47  Supply Depot  
  21  1:57  Orbital Command  
  21  2:09  Marine x2  
  21  2:13  Factory  
  23  2:25  SCV  
  23  2:29  Refinery, Marine x2  
  26  2:42  SCV  
  27  2:47  Marine x2  
  27  2:50  Orbital Command  
  29  3:00  Starport  
  29  3:01  Hellion  
  28  3:16  Marine x2  
  26  3:34  Marine  
  26  3:38  Marine  
  28  3:42  SCV  
  29  3:52  Marine  
  30  3:56  Marine  
  33  4:05  Factory Tech Lab  
  33  4:07  Medivac  
  33  4:09  Marine  
  33  4:14  Marine  
  34  4:31  Siege Tank  
  34  4:35  Marine x2  
  34  4:36  SCV x2  
  41  4:53  Marine x2  
  43  5:05  Supply Depot  
  43  5:07  Supply Depot  
  43  5:10  Supply Depot  
  43  5:26  Medivac  
  42  5:34  Siege Tank  
  45  5:38  Barracks  
  45  5:40  Barracks  
  45  5:47  Marine  
  45  5:48  Marine  
  47  5:51  Command Center  
  47  6:19  Siege Tank  
  47  6:20  Starport Reactor  
  47  6:21  SCV x2  
  52  6:30  Barracks Tech Lab, Barracks Reactor  
  52  6:33  SCV x2  
  52  6:38  Engineering Bay  
  54  6:45  SCV x2  
  46  7:02  Marine x2  
  46  7:05  Viking x2  
  47  7:09  Marine  
  47  7:10  Marine x2  
  50  7:16  Orbital Command  
  50  7:19  Marine  
  51  7:24  SCV x2, Missile Turret  
  51  7:28  Marine  
  51  7:29  Marine x3, Missile Turret  
  57  7:36  SCV x2  
  59  7:44  SCV  
  59  7:48  SCV x2  
  59  7:50  Missile Turret  
  62  7:51  Medivac  
  62  7:54  Medivac  
  62  7:57  SCV  
  67  8:00  SCV  
  67  8:02  Refinery  
  67  8:04  SCV  
  69  8:05  Refinery  
  69  8:09  Supply Depot, SCV  
  70  8:17  SCV x2  
  72  8:21  SCV  
  73  8:29  Marine x2, SCV x2  
  73  8:30  Marine  
  73  8:31  Marine x2  
  73  8:34  Viking x2  
  84  8:43  Supply Depot  
  84  8:44  Siege Tank  
  84  8:46  Orbital Command  
  78  9:21  SCV x3  
  81  9:33  SCV x2  
  81  9:34  SCV  
  84  9:41  Marine x2  
  84  9:42  Marine x2  
  88  9:52  SCV x3  
  91  9:58  Viking  
  91  9:59  Viking, Siege Tank  
  98  10:00  Marine x3  
  98  10:06  Starport  
  101  10:09  Factory  
  101  10:10  Stimpack  
  101  10:13  Supply Depot  
  101  10:14  Marine, SCV x3  
  101  10:18  Supply Depot  
  105  10:22  Missile Turret  
  105  10:27  SCV  
  106  10:29  Marine x3  
  106  10:35  Viking x2, Marine  
  114  10:45  Siege Tank  
  114  10:49  Starport Reactor  
  117  10:53  Factory Tech Lab  
  117  10:56  Starport  
  117  10:58  Supply Depot  
  117  11:02  Supply Depot  
  117  11:05  Marine x3  
  117  11:06  Marine  
  117  11:07  Medivac x2  
  125  11:19  Refinery  
  125  11:20  Siege Tank, SCV x3  
  125  11:21  Refinery  
  131  11:26  Supply Depot  
  131  11:27  Supply Depot  
  131  11:28  Medivac x2  
  135  11:39  Starport Reactor  
  135  11:43  Missile Turret  
  135  11:48  Medivac x2  
  139  11:56  Siege Tank  
  139  11:57  Siege Tank  
  145  12:05  SCV x2  
  120  12:27  Marine x2  
  89  12:47  Marine x2  
  89  12:48  Marine x3  
  90  12:58  Viking x2  
  92  12:59  Viking x2  
  92  13:01  Siege Tank  
  92  13:04  Siege Tank  
  92  13:05  Marine x4, Command Center  
  106  13:25  Marine x4  
  110  13:28  Missile Turret  
  110  13:30  Missile Turret  
  75  14:29  Marine x3  
  75  14:30  Marine x2  
  73  14:41  Factory Tech Lab  
  73  14:47  Marine x4  
  73  14:48  Marine  
  78  15:02  Orbital Command  
  78  15:05  Marine  
  79  15:09  Siege Tank x2  
  79  15:10  Viking x2, Barracks x2  
Show
View Real Time Build Order
Export as new Build Order

Indemix Terran - Winner!

Build Orders: MMM Bio 

Get SALT Encoding   

  12  0:01  SCV  
  13  0:13  SCV  
  14  0:19  Supply Depot  
  14  0:25  SCV  
  15  0:40  SCV  
  16  0:42  Barracks  
  16  0:50  Refinery  
  16  1:03  Barracks  
  16  1:06  SCV  
  17  1:19  SCV  
  17  1:23  Supply Depot  
  18  1:33  Orbital Command  
  18  1:37  Reaper  
  19  1:53  Reaper  
  20  1:56  Refinery  
  20  2:00  SCV  
  21  2:12  SCV  
  21  2:13  Reaper  
  23  2:23  Supply Depot  
  23  2:24  SCV  
  23  2:28  Reaper  
  25  2:36  SCV  
  26  2:45  Reaper  
  26  2:48  SCV  
  27  3:00  Reaper  
  26  3:17  SCV  
  26  3:18  Reaper  
  28  3:32  Reaper  
  29  3:39  SCV  
  27  3:42  Factory  
  27  3:49  Command Center  
  27  3:52  SCV  
  28  3:56  Reaper  
  28  3:59  Command Center  
  29  4:04  Reaper  
  29  4:08  Engineering Bay  
  30  4:25  SCV  
  30  4:28  Reaper  
  32  4:33  Factory Tech Lab  
  32  4:36  Starport, Reaper  
  32  4:37  Barracks, SCV  
  34  4:49  SCV  
  35  5:01  SCV  
  35  5:03  Siege Tank  
  39  5:13  SCV  
  35  5:28  Liberator  
  33  5:36  Barracks Tech Lab  
  33  5:37  Siege Tank  
  33  5:38  Orbital Command  
  33  5:39  Orbital Command, SCV  
  40  5:56  Marine  
  41  5:58  Refinery  
  41  6:01  Refinery  
  41  6:04  Stimpack  
  41  6:17  Marine  
  42  6:23  SCV x2  
  44  6:28  Missile Turret  
  44  6:29  Missile Turret  
  44  6:33  Missile Turret  
  44  6:34  Siege Tank  
  44  6:35  SCV x2  
  44  6:39  Marine  
  50  6:41  SCV  
  51  6:47  SCV  
  51  6:48  Liberator  
  51  7:01  Marine  
  52  7:05  SCV x2  
  57  7:10  SCV  
  57  7:15  Supply Depot  
  58  7:17  SCV  
  58  7:18  Marine  
  58  7:21  SCV  
  61  7:24  Orbital Command  
  61  7:26  Terran Infantry Weapons Level 1, Missile Turret  
  61  7:28  Barracks  
  61  7:33  Engineering Bay  
  61  7:37  Barracks Reactor x2  
  61  7:41  Siege Tank  
  61  7:42  SCV x2  
  66  7:46  Supply Depot x2  
  66  7:50  SCV, Missile Turret  
  67  7:51  Medivac  
  67  7:54  SCV  
  67  7:57  Marine  
  71  8:05  SCV x2  
  73  8:06  Missile Turret  
  73  8:09  SCV  
  74  8:14  Marine  
  74  8:17  Marine, SCV x2  
  74  8:18  Marine x2  
  80  8:20  Barracks Tech Lab  
  80  8:21  SCV  
  81  8:29  SCV  
  81  8:32  Marine  
  81  8:33  Marine  
  84  8:36  SCV  
  85  8:45  Marine  
  85  8:46  SCV x2  
  85  8:47  Combat Shields  
  85  8:48  Marine  
  89  8:51  Marauder, Marine  
  89  8:52  Barracks Reactor, Command Center  
  92  9:03  Marine  
  92  9:07  Supply Depot  
  92  9:08  Marine  
  92  9:09  Terran Infantry Armor Level 1, Medivac  
  93  9:12  Supply Depot  
  93  9:14  Supply Depot  
  93  9:17  Marauder, Marine  
  93  9:22  Marine, Medivac  
  96  9:26  Supply Depot  
  96  9:27  Supply Depot, Marauder  
  98  9:33  SCV  
  98  9:34  Marine  
  98  9:38  Marine x2  
  102  9:39  Marauder, Armory, Medivac  
  106  9:48  Marauder, Marine  
  106  9:50  SCV x2  
  110  9:52  Medivac  
  110  9:53  SCV  
  113  10:00  Marauder  
  113  10:02  SCV x2  
  113  10:04  Refinery  
  113  10:05  Refinery, Marine x2, Liberator  
  113  10:06  Missile Turret  
  119  10:08  Medivac  
  119  10:10  Marauder  
  123  10:15  SCV x2  
  123  10:16  SCV  
  128  10:21  Marauder  
  128  10:26  Marine  
  128  10:27  Marine x3, Liberator, SCV x2  
  137  10:31  Marauder  
  139  10:39  Planetary Fortress  
  139  10:42  Marine  
  143  10:44  Marine x2  
  143  10:45  Marine  
  143  10:46  SCV x2  
  148  10:50  Concussive Shells  
  148  10:51  SCV  
  149  10:58  SCV  
  149  11:01  Missile Turret  
  149  11:03  Marine, Missile Turret  
  149  11:04  Marauder, Marine  
  152  11:05  Missile Turret, Medivac  
  152  11:06  Terran Infantry Weapons Level 2  
  156  11:13  Supply Depot  
  156  11:23  Missile Turret  
  156  11:27  Missile Turret  
  156  11:28  Missile Turret  
  156  11:29  Missile Turret  
  156  11:33  Missile Turret  
  156  11:34  Marauder, Marine x3, Medivac  
  156  11:35  Marine  
  164  11:44  Supply Depot  
  164  12:00  Supply Depot  
  164  12:02  Supply Depot  
  164  12:05  Marine, Siege Tank  
  164  12:06  Marauder x2  
  172  12:13  Marine  
  172  12:14  Marine x2  
  147  12:23  Medivac x2  
  147  12:24  Marine  
  147  12:27  Marauder x2  
  148  12:31  Marine x2  
  148  12:32  Marine  
  142  12:38  Siege Tank  
  142  12:41  Marine  
  142  12:48  Marine x2  
  142  12:49  Marine  
  142  12:50  SCV x3  
  142  12:51  Marine, SCV  
  142  12:52  Marine  
  142  12:53  Medivac x2  
  142  12:57  Refinery x2  
  138  12:59  Marine  
  138  13:02  SCV x2  
  138  13:03  SCV x2  
  143  13:06  Marauder x2  
  143  13:07  Marine  
  143  13:09  Marine x2, Terran Infantry Armor Level 2  
  143  13:10  Siege Tank  
  153  13:14  SCV  
  153  13:15  SCV x3  
  153  13:17  Marine  
  158  13:25  Marine  
  158  13:26  SCV  
  161  13:27  Barracks, Marine x2, SCV  
  161  13:28  Marauder x2  
  167  13:35  Marine  
  168  13:42  Siege Tank  
  168  13:43  Marine  
  168  13:45  Marine x2  
  174  13:49  Marauder x2  
  174  13:53  Marine  
  166  14:00  Marine  
  150  14:03  Marine x2  
  144  14:10  Marauder x2, Marine, Medivac x2  
  144  14:14  Siege Tank  
  144  14:16  SCV x2  
  158  14:18  Marine  
  158  14:21  Marine x2  
  161  14:28  Marine  
  157  14:31  Marine x2  
  157  14:33  Barracks Reactor  
  157  14:36  Marine  
  157  14:38  Marine x2  
  157  14:40  Medivac x2  
  162  14:46  Marine, Siege Tank  
  162  14:50  Marauder x2  
  170  14:54  Marine  
  170  14:56  Marine x2  
  170  14:57  Command Center  
  173  15:04  Marine  
  174  15:10  Marine, Medivac x2  
  174  15:11  Marauder  
  174  15:12  Marine  
  182  15:14  Marine x2  
  184  15:22  Marine  
  185  15:35  Barracks  
  188  15:37  Barracks  
Tags
 
Composition
MMM Bio
Matchup
TvT
Race
Terran
Add a new tag
Caveats
  • Supply blocks, unpowered buildings, or Contaminate may cause inaccurate times.
  • Supply counts are checked every 10 seconds.